 Dungeon Crawl Stone Soup version 0.19.4-8-ga85b6b9 (webtiles) character file.

1992 Mefis the Magician (level 9, -2/45 HPs)
             Began as a Deep Elf Wizard on Feb 10, 2017.
             Slain by a sixfirhy (11 damage)
             ... summoned by the player character
             ... on level 6 of the Dungeon.
             The game lasted 00:16:30 (8481 turns).

Mefis the Magician (Deep Elf Wizard)                Turns: 8481, Time: 00:16:31

Health: -2/45      AC:  4    Str:  4    XL:     9   Next: 1%
Magic:  3/22       EV: 14    Int: 27    God:
Gold:   126        SH:  0    Dex: 13    Spells: 8 memorised, 3 levels left

rFire  + . .     SeeInvis .     r - +1 dagger (venom)
rCold  . . .     Gourm    +     a - +0 robe
rNeg   . . .     Faith    .     (no shield)
rPois  .         Spirit   .     b - +0 hat
rElec  .         Reflect  .     s - +0 cloak {MR+}
rCorr  .         Harm     .     u - +0 pair of gloves
MR     +....                    (no boots)
Stlth  +++.......               e - amulet of the gourmand
                                E - ring of protection from fire
                                J - ring of flight

@: repel missiles
A: no striking features
a: Evoke Flight


You were on level 6 of the Dungeon.
You were not hungry.

You visited 2 branches of the dungeon, and saw 7 of its levels.
You also visited: Sewer.

You collected 281 gold pieces.
You spent 155 gold pieces at shops.

Inventory:

Hand Weapons
 f - a +0 short sword
 k - a +0 hunting sling
 q - a +1 dagger of venom
 r - a +1 dagger of venom (weapon)
Missiles
 G - 83 sling bullets
Armour
 a - a +0 robe (worn)
 b - a +0 hat (worn)
 s - a +0 cloak of magic resistance (worn)
 u - a +0 pair of gloves (worn)
Jewellery
 e - an amulet of the gourmand (around neck)
 w - an uncursed ring of resist corrosion
 E - a ring of protection from fire (right hand)
 J - a ring of flight (left hand)
Wands
 S - a wand of paralysis (9/24)
Scrolls
 i - 10 scrolls of identify {unknown}
 j - 4 scrolls of teleportation {unknown}
 t - 2 scrolls of random uselessness {unknown}
 x - 2 scrolls of magic mapping {unknown}
 y - 4 scrolls of remove curse {unknown}
 C - 2 scrolls of recharging {unknown}
 F - 4 scrolls of fog {unknown}
 H - a scroll of immolation {unknown}
 I - 4 scrolls of amnesia {unknown}
 P - 3 scrolls of blinking {unknown}
 U - a scroll of vulnerability {unknown}
Potions
 g - 5 potions of might
 h - 2 potions of brilliance {unknown}
 l - 2 potions of degeneration {unknown}
 m - a potion of agility {unknown}
 n - 5 potions of curing
 o - 2 potions of berserk rage {unknown}
 v - a potion of cure mutation {unknown}
 A - a potion of flight
 B - a potion of beneficial mutation {unknown}
 D - a potion of ambrosia {unknown}
 K - a potion of cancellation {unknown}
 L - a potion of heal wounds {unknown}
 M - a potion of mutation
 N - a potion of lignification
 O - 3 potions of magic {unknown}
 Q - a potion of haste {unknown}
Books
 c - a book of Minor Magic

   Spells                             Type                      Level
   a - Magic Dart                     Conjuration                  1
   b - Blink                          Translocation                2
   c - Call Imp                       Summoning                    2
   d - Repel Missiles                 Charms/Air                   2
   e - Slow                           Hexes                        2
   f - Conjure Flame                  Conjuration/Fire             3
   g - Mephitic Cloud                 Conjuration/Poison/Air       3
 z - a book of Summonings

   Spells                             Type                      Level
   a - Recall                         Summoning/Translocation      3
   b - Aura of Abjuration             Summoning                    5
   c - Summon Demon                   Summoning                    5
   d - Summon Forest                  Summoning/Translocation      5
   e - Summon Mana Viper              Hexes/Summoning              5
   f - Shadow Creatures               Summoning                    6
Comestibles
 d - 3 bread rations
 p - 2 meat rations
 R - 3 slices of pizza
 T - a beef jerky


   Skills:
 + Level 5.0 Dodging
 + Level 5.7 Stealth
 + Level 7.5 Spellcasting
 + Level 4.0 Conjurations
 + Level 4.1 Hexes
 * Level 5.2 Summonings
 + Level 3.7 Translocations
 + Level 4.0 Air Magic
 - Level 1.4 Poison Magic
 + Level 2.1 Evocations


You had 3 spell levels left.
You knew the following spells:

 Your Spells              Type           Power        Failure   Level  Hunger
a - Magic Dart            Conj           ####         1%          1    None
b - Call Imp              Summ           #####...     1%          2    None
c - Blink                 Tloc           N/A          1%          2    None
d - Repel Missiles        Chrm/Air       ###...       4%          2    None
e - Mephitic Cloud        Conj/Pois/Air  ####....     4%          3    None
f - Conjure Flame         Conj/Fire      ###.....     10%         3    None
g - Slow                  Hex            ####....     1%          2    None
n - Summon Demon          Summ           #####.....   21%         5    ####...


Dungeon Overview and Level Annotations

Branches:
Dungeon (6/15)             Temple (1/1) D:4

Altars:
Ashenzari
Cheibriados
Elyvilon
Fedhas
Gozag
Hepliaklqana
Kikubaaqudgha
Makhleb
Nemelex Xobeh
Qazlal
Ru
Trog
Vehumet
Xom

Shops:
D:4 !

Annotations:
D:6 exclusions: door and 1 more exclusion


Message History

n - Summon Demon
Casting: Magic Dart
Confirm with . or Enter, or press ? or * to list all spells.
You open a gate to Pandemonium!
A demon appears!
It doesn't seem very happy.
Casting: Summon Demon
Confirm with . or Enter, or press ? or * to list all spells.
You open a gate to Pandemonium!
A demon appears!
Casting: Summon Demon
Confirm with . or Enter, or press ? or * to list all spells.
You open a gate to Pandemonium!
A demon appears!
The sixfirhy hits you! The sixfirhy shocks you!
The sixfirhy barely misses you. x2
Your rust devil misses the sixfirhy.
Unknown command.
Casting: Summon Demon
Confirm with . or Enter, or press ? or * to list all spells.
You blink.
The sixfirhy hits you!
* * * LOW HITPOINT WARNING * * *
The sixfirhy shocks you!
You die...

...# #....##......... .###
#....##......... ...#
#....##......... # ##.#####
#....##......... # .......#
#.....#......... # .#####.#
#####...####+#.. # .#####+######
#...####.#.####### .#..........#
#.....##.#.#....## .#..........#
#@..#.##.#.#.##.## ##..........#
#.3.#.#....#.#...<
............####...#.#....#.#....
##...................##.#.#.#.##.
#................4.....#.#.#.##.
#...[............3..##.#.#.....#
#..........##.##.##§##.#.#.#....
#....†....##...####.##.#.#####.#
######...##.....##...#)#........


You could see a sixfirhy, a friendly soul eater and a friendly rust devil.

Vanquished Creatures
  The ghost of Mefis the Magician, an amateur DEWz (D:5)
  2 ice beasts (D:6)
  A black bear (D:6)
  An orc warrior (D:6)
  3 phantoms
  A centaur (D:6)
  3 big kobolds (Sewer)
  2 bullfrogs (D:6)
  A howler monkey (D:6)
  A crimson imp (D:3)
  2 jellies
  A hound (D:5)
  3 orc priests
  5 orc wizards
  2 iguanas (D:3)
  A worker ant (D:4)
  A worker ant zombie (D:5)
  A howler monkey skeleton (D:6)
  4 gnolls (D:5)
  A river rat (Sewer)
  12 adders
  A shadow imp (D:5)
  4 oozes (Sewer)
  A worm (Sewer)
  6 leopard geckos
  12 orcs
  4 ball pythons
  7 giant cockroaches
  11 hobgoblins
  3 jackals (D:3)
  11 kobolds
  4 quokkas
  11 bats
  7 frilled lizards
  12 goblins
  A jackal skeleton (D:4)
  9 rats
153 creatures vanquished.

Vanquished Creatures (collateral kills)
  A centaur skeleton (D:5)
  2 orcs (D:3)
3 creatures vanquished.

Grand Total: 156 creatures vanquished

Notes
Turn   | Place    | Note
-------+----------+-------------------------------------------
     0 | D:1      | Mefis the Deep Elf Wizard began the quest for the Orb.
     0 | D:1      | Reached XP level 1. HP: 10/10 MP: 7/7
   223 | D:1      | Reached XP level 2. HP: 14/15 MP: 4/9
   227 | D:1      | Learned a level 2 spell: Call Imp
   230 | D:1      | Learned a level 2 spell: Blink
   233 | D:1      | Learned a level 2 spell: Repel Missiles
   829 | D:2      | Reached XP level 3. HP: 19/19 MP: 7/11
   833 | D:2      | Reached skill level 1 in Air Magic
   919 | D:2      | Reached skill level 5 in Spellcasting
  1090 | D:2      | Found a shattered altar of Ashenzari.
  1649 | D:3      | Reached XP level 4. HP: 24/24 MP: 1/13
  1654 | D:3      | Learned a level 3 spell: Mephitic Cloud
  1658 | D:3      | Learned a level 3 spell: Conjure Flame
  2252 | D:3      | Reached XP level 5. HP: 28/28 MP: 4/15
  2484 | D:3      | Reached skill level 1 in Poison Magic
  2691 | D:3      | HP: 1/28 [something/puff of flame (7)]
  3005 | D:3      | Found a blossoming altar of Fedhas.
  3056 | D:3      | Learned a level 2 spell: Slow
  3468 | D:3      | Found a burning altar of Makhleb.
  3618 | D:3      | Reached skill level 1 in Hexes
  3691 | D:3      | Reached skill level 6 in Spellcasting
  3742 | D:4      | Reached XP level 6. HP: 30/32 MP: 10/17
  3767 | D:4      | Found a staircase to the Ecumenical Temple.
  3867 | D:4      | Found Peniy's Distillery.
  3873 | D:4      | Bought a potion of curing for 30 gold pieces
  3873 | D:4      | Bought a potion of flight for 30 gold pieces
  3873 | D:4      | Bought a potion of mutation for 25 gold pieces
  3873 | D:4      | Bought a potion of might for 40 gold pieces
  3873 | D:4      | Bought a potion of lignification for 30 gold pieces
  4053 | D:4      | Found a stormy altar of Qazlal.
  4243 | D:4      | Found a glowing drain.
  4247 | Sewer    | Entered a sewer
  4688 | Sewer    | Reached XP level 7. HP: 36/36 MP: 11/18
  4994 | Temple   | Entered the Ecumenical Temple
  5729 | D:5      | Entered Level 5 of the Dungeon
  5983 | D:5      | Found a burning altar of Makhleb.
  6096 | D:5      | Noticed Mefis's ghost (amateur DEWz)
  6112 | D:5      | Killed Mefis's ghost
  6613 | D:5      | Reached skill level 5 in Stealth
  6613 | D:5      | Reached XP level 8. HP: 35/41 MP: 6/20
  7012 | D:6      | Reached skill level 7 in Spellcasting
  7147 | D:6      | Found a white marble altar of Elyvilon.
  7407 | D:6      | Reached skill level 1 in Evocations
  7643 | D:6      | Reached skill level 5 in Summonings
  7774 | D:6      | Reached skill level 5 in Dodging
  8471 | D:6      | Reached XP level 9. HP: 45/45 MP: 18/22
  8478 | D:6      | Learned a level 5 spell: Summon Demon
  8478 | D:6      | Noticed a sixfirhy
  8481 | D:6      | Slain by a sixfirhy

Skill      XL: |  1  2  3  4  5  6  7  8 |
---------------+-------------------------+-----
Stealth        | 3 4 5 |  5.7
Air Magic      | 1 2 3 4 |  4.0
Spellcasting   | 5 6 7 |  7.5
Dodging        | 3 4 5 |  5.0
Conjurations   | 2 3 4 |  4.0
Poison Magic   | 1 |  1.4
Hexes          | 1 3 4 |  4.1
Summonings     | 2 4 5 |  5.2
Translocations | 2 3 |  3.7
Evocations     | 2 |  2.1

Action                   |  1- 3 |  4- 6 |  7- 9 || total
-------------------------+-------+-------+-------++-------
Melee: Short sword       |     9 |       |       ||     9
       Dagger            |     3 |    60 |    34 ||    97
 Cast: Magic Dart        |    98 |   196 |   252 ||   546
       Mephitic Cloud    |       |     7 |     9 ||    16
       Call Imp          |       |     3 |     7 ||    10
       Blink             |       |     3 |     1 ||     4
       Repel Missiles    |       |     1 |       ||     1
       Conjure Flame     |       |     1 |     5 ||     6
       Slow              |       |       |     2 ||     2
       Summon Demon      |       |       |     3 ||     3
  Use: Potion            |       |       |     1 ||     1
 Stab: Confused          |       |     2 |     2 ||     4
       Sleeping          |       |     1 |       ||     1
  Eat: Chunk             |    10 |     8 |     8 ||    26
Armor: Robe              |     6 |    15 |    11 ||    32
Dodge: Dodged            |    23 |    54 |    50 ||   127
       Deflected         |       |     2 |     1 ||     3
